 Dungeon Crawl Stone Soup version 0.19.0-19-g8c6edcc (webtiles) character file.

249 exewu the Firebug (level 5, -5/35 HPs)
             Began as a Mummy Fire Elementalist on Nov 13, 2016.
             Slain by Sigmund
             ... wielding a cursed +0 scythe
              (7 damage)
             ... on level 3 of the Dungeon.
             The game lasted 00:14:04 (4358 turns).

exewu the Firebug (Mummy Fire Elementalist)         Turns: 4358, Time: 00:14:05

Health: -5/35      AC:  6    Str: 11    XL:     5   Next: 86%
Magic:  0/17       EV: 12    Int: 16    God:
Gold:   122        SH:  0    Dex: 12    Spells: 3 memorised, 0 levels left

rFire  x . .     SeeInvis .     n - +0 whip
rCold  + . .     Gourm    .     m - +0 robe
rNeg   + + +     Faith    .     (no shield)
rPois  ∞         Spirit   .     i - +0 helmet
rElec  .         Reflect  .     (no cloak)
rCorr  .         Harm     .     (no gloves)
MR     .....                    g - +2 pair of boots
Stlth  +.........               (no amulet)
                                (no ring)
                                c - ring of magical power

@: confused, very slightly contaminated
A: no food or potions, fire vulnerability, cold resistance 1, negative energy
resistance 3, torment resistance, unbreathing
a: no special abilities


You were on level 3 of the Dungeon.
You were not hungry.

You visited 1 branch of the dungeon, and saw 3 of its levels.

You collected 122 gold pieces.

Inventory:

Hand Weapons
 j - a +1 dagger
 n - a +0 whip (weapon)
Missiles
 e - 91 stones (quivered)
 k - 11 sling bullets
Armour
 a - a +0 robe
 g - a +2 pair of boots (worn)
 i - a +0 helmet (worn)
 m - a +0 robe (worn)
 o - a +0 buckler
Jewellery
 c - a ring of magical power (left hand)
Wands
 f - a wand of heal wounds (0/9)
Scrolls
 d - a scroll of magic mapping
 h - a scroll of remove curse
Books
 b - a book of Flames

   Spells                             Type                      Level
   a - Flame Tongue                   Conjuration/Fire             1
   b - Throw Flame                    Conjuration/Fire             2
   c - Conjure Flame                  Conjuration/Fire             3
   d - Inner Flame                    Hexes/Fire                   3
   e - Sticky Flame                   Conjuration/Fire             4
   f - Fireball                       Conjuration/Fire             5


   Skills:
 - Level 1.5 Dodging
 - Level 1.5 Stealth
 - Level 2.0 Spellcasting
 + Level 3.8 Conjurations
 + Level 3.9 Fire Magic


You couldn't memorise any spells.
You knew the following spells:

 Your Spells              Type           Power        Failure   Level  Hunger
a - Flame Tongue          Conj/Fire      ##...        6%          1    N/A
b - Conjure Flame         Conj/Fire      ##......     14%         3    N/A
c - Sticky Flame          Conj/Fire      ##......     50%         4    N/A

Dungeon Overview and Level Annotations

Branches:
Dungeon (3/15)

Altars:

Annotations:
D:3 Sigmund


Innate Abilities, Weirdness & Mutations

You do not eat or drink.
Your flesh is vulnerable to fire.
You are immune to poison.
Your flesh is cold resistant. (rC+)
You are immune to negative energy. (rN+++)
You are immune to unholy pain and torment.
You can survive without breathing.


Message History

Aiming: Flame Tongue
Press: ? - help, Shift-Dir - straight line The flame tongue hits something.
You hear some strange, mumbled words.
A puff of flame appears from out of thin air!
The puff of flame hits you! The fire burns you terribly!
* * * LOW HITPOINT WARNING * * *
Evoke which item? (* to show all) (? for menu, Esc to quit)
Zapping:
f - a wand of heal wounds {zapped: 6} (will waste charges)
Press: ? - help, Shift-Dir - straight line, f - you Nothing appears to happen.
You hear some strange, mumbled words.
You are confused.
You can't eat.
Unknown command.
Unknown command.
You miss something. Something hits you.
* * * LOW HITPOINT WARNING * * *
You barely miss something. Something hits you!
You die...

#.# #.##### #.# #.#
#.# #.#
#.###.########
#.............
########.##### #.#
##############.##
#..@{.........).####
#.############).....
#.# #......... #.#
#.##...... #.# #
##.#### ##.#########.
#.#
#............###.###.
#..#########.##......
#..# #.##..###.


There were no monsters in sight!

Vanquished Creatures
  2 orc priests (D:3)
  An orc wizard (D:3)
  Robin (D:1)
  3 adders
  3 worms (D:2)
  2 dart slugs
  3 leopard geckos
  20 orcs (D:3)
  5 giant cockroaches
  14 goblins
  8 hobgoblins
  10 kobolds
  A quokka (D:3)
  2 ball pythons
  4 bats
  2 frilled lizards
  8 rats
89 creatures vanquished.

Notes
Turn   | Place    | Note
-------+----------+-------------------------------------------
     0 | D:1      | exewu the Mummy Fire Elementalist began the quest for the Orb.
     0 | D:1      | Reached XP level 1. HP: 13/13 MP: 3/3
    50 | D:1      | Reached skill level 1 in Conjurations
   751 | D:1      | Reached XP level 2. HP: 19/19 MP: 5/5
  1698 | D:2      | Reached XP level 3. HP: 24/24 MP: 6/6
  1711 | D:2      | Learned a level 3 spell: Conjure Flame
  1961 | D:2      | Found a faded altar of an unknown god.
  2017 | D:2      | Noticed Robin
  2143 | D:1      | Killed Robin
  2143 | D:1      | Reached XP level 4. HP: 30/30 MP: 7/7
  3203 | D:3      | Reached XP level 5. HP: 18/35 MP: 8/8
  3356 | D:3      | Learned a level 4 spell: Sticky Flame
  4334 | D:3      | Noticed Sigmund
  4358 | D:3      | Slain by Sigmund

Skill      XL: |  1  2  3  4 |
---------------+-------------+-----
Conjurations   | 1 2 3 |  3.8
Fire Magic     | 3 |  3.9
Dodging        | |  1.5
Stealth        | |  1.5
Spellcasting   | |  2.0

Action                   |  1- 3 |  4- 6 || total
-------------------------+-------+-------++-------
Melee: Unarmed           |     6 |       ||     6
       Dagger            |     1 |       ||     1
       Whip              |       |     5 ||     5
 Cast: Flame Tongue      |    75 |   126 ||   201
       Conjure Flame     |     2 |     1 ||     3
       Sticky Flame      |       |     1 ||     1
Evoke: Wand              |       |     2 ||     2
  Use: Scroll            |     2 |     2 ||     4
Armor: Robe              |    16 |    20 ||    36
Dodge: Dodged            |    24 |    33 ||    57
